 Dungeon Crawl Stone Soup version 0.18-a0-1-gfac8111 (webtiles) character file.

320 xeno23 the Chopper (level 6, -4/55 HPs)
             Began as a Hill Orc Fighter on Oct 30, 2015.
             Was an Initiate of Beogh.
             Slain by Edmund
             ... wielding a +5 flail of draining
              (7 damage)
             ... on level 4 of the Dungeon.
             The game lasted 00:17:06 (2673 turns).

xeno23 the Chopper (Hill Orc Fighter)               Turns: 2673, Time: 00:17:07

Health: -4/55      AC:  6    Str: 26    XL:     6   Next: 46%
Magic:  6/6        EV:  7    Int:  8    God:    Beogh [......]
Gold:   224        SH:  8    Dex: 10    Spells: 0 memorised, 5 levels left

rFire  . . .     SeeInvis .     a - +0 war axe
rCold  . . .     Clarity  .     b - +0 scale mail
rNeg   . . .     SustAt   .     c - +0 shield
rPois  .         Gourm    +     (no helmet)
rElec  .         Spirit   .     (no cloak)
rCorr  .         Warding  .     (no gloves)
rMut   .         Stasis   .     (no boots)
MR     .....                    q - amulet of the gourmand
Stlth  ..........               (no ring)
                                (no ring)

@: mighty, very heavily drained, not resistant to hostile enchantments,
extremely unstealthy
A: no striking features
a: Renounce Religion


You were on level 4 of the Dungeon.
You worshipped Beogh.
Beogh was noncommittal.
You were completely stuffed.

You visited 1 branch of the dungeon, and saw 4 of its levels.

You collected 224 gold pieces.

Inventory:

Hand Weapons
 a - a +0 war axe (weapon)
 p - a +0 spear of piercing
Armour
 b - a +0 scale mail (worn)
 c - a +0 shield (worn)
Jewellery
 h - an uncursed amulet of resist corrosion
 q - an amulet of the gourmand (around neck)
Scrolls
 g - a scroll of enchant weapon {unknown}
 j - 2 scrolls of remove curse {unknown}
 k - 4 scrolls of identify {unknown}
 n - 2 scrolls of magic mapping {unknown}
 r - a scroll of fog {unknown}
 v - a scroll of amnesia {unknown}
Potions
 f - a potion of invisibility {unknown}
 l - 2 potions of ambrosia {unknown}
 m - a potion of beneficial mutation {unknown}
 s - 2 potions of poison {unknown}
 t - 2 potions of curing {unknown}
 u - a potion of heal wounds {unknown}
Comestibles
 e - 3 bread rations
 i - a slice of pizza
 o - 2 meat rations
 w - 2 chunks of flesh


   Skills:
 + Level 4.9(1.8) Fighting
 * Level 5.9(2.7) Axes
 + Level 4.7(1.6) Armour
 + Level 4.2(1.1) Shields


You had 5 spell levels left.
You didn't know any spells.

Dungeon Overview and Level Annotations

Branches:
Dungeon (4/15)
 Temple: D:4-7

Altars:

Annotations:
D:4 Edmund


Message History

Edmund is severely wounded.
You block Edmund's attack.
You barely miss Edmund.
Edmund is severely wounded.
Edmund closely misses you.
You barely miss Edmund.
Edmund is severely wounded.
Edmund hits you with a flail of draining.
* * * LOW HITPOINT WARNING * * *
You feel drained.
You take 5 damage.
Drink which item? (? for menu, Esc to quit)
Okay, then.
You barely miss Edmund.
Edmund is severely wounded.
You block Edmund's attack.
You slash Edmund!
Edmund is almost dead.
Edmund hits you with a flail of draining!
You die...

.........#.#
#.#.#######.#.#
.#####.....#
#.#........(#.#
##.####
#.#####.#####.#
#.# #.# #.# .#
#.# #.# #.# .#
#.# #.# #.# #.#
#.# #.# #.# #.#
#.# #.# #@# #.#
#.# #.@......
#######.#


You could see Edmund.

Vanquished Creatures
  A giant frog (D:4)
  A hound (D:4)
  2 worker ants (D:4)
  7 adders
  4 oozes
  4 worms
  5 giant geckos
  An orc (D:4)
  3 giant cockroaches
  9 hobgoblins
  5 jackals
  15 bats
  A giant gecko skeleton (D:4)
  5 giant newts
  11 goblins
  4 kobolds
  6 rats
84 creatures vanquished.

Vanquished Creatures (others)
  4 orcs (D:3)
  A bat (D:3)
5 creatures vanquished.

Grand Total: 89 creatures vanquished

Notes
Turn   | Place    | Note
--------------------------------------------------------------
     0 | D:1      | xeno23 the Hill Orc Fighter began the quest for the Orb.
     0 | D:1      | Reached XP level 1. HP: 19/19 MP: 1/1
    88 | D:1      | Reached XP level 2. HP: 27/27 MP: 2/2
   404 | D:1      | Reached XP level 3. HP: 29/33 MP: 3/3
   703 | D:1      | Reached skill level 4 in Armour
   979 | D:2      | Reached XP level 4. HP: 29/40 MP: 4/4
  1447 | D:2      | You fall through a shaft!
  1466 | D:3      | Reached XP level 5. HP: 40/46 MP: 5/5
  1756 | D:3      | Became a worshipper of Beogh the Brigand
  2261 | D:4      | Reached skill level 5 in Axes
  2261 | D:4      | Reached XP level 6. HP: 28/53 MP: 6/6
  2649 | D:4      | Noticed Edmund
  2671 | D:4      | HP: 2/55 [Edmund/flail of draining (5)]
  2673 | D:4      | Slain by Edmund

Vault maps used:
D:1:      scummos_arrival_simple_fountains, st_stairs_7
D:2:      first_bread
D:4:      minmay_opposing_rooms, uniq_edmund

Action                   |  1- 3 |  4- 6 || total
-------------------------+-------+-------++-------
Melee: War axe           |   101 |   192 ||   293
Invok: Convert to Beogh  |       |     1 ||     1
  Use: Potion            |       |     1 ||     1
  Eat: Chunk             |       |    17 ||    17
